Map: Deathaura LE

Players

RyuKey - Winner!

  • Race: Terran Terran
  • League: Diamond
  • Spawn Location: 5:00

VOD

Have the link to the VOD?

Description

Time

  • Played on: June 21, 2020, 4:53 p.m.
  • Length: 13:37
Show
View Real Time Build Order
Export as new Build Order

RyuKey Terran - Winner!

Build Orders:  

Get SALT Encoding   

  12  0:01  SCV  
  13  0:19  SCV  
  14  0:27  Supply Depot  
  14  0:36  SCV  
  15  0:42  Refinery  
  15  0:57  SCV  
  16  1:03  Barracks  
  16  1:14  SCV  
  17  1:34  SCV  
  18  1:51  SCV  
  20  2:11  Orbital Command  
  20  2:14  Reaper  
  20  2:25  Command Center  
  20  2:40  Supply Depot  
  20  2:47  Factory  
  20  2:51  SCV  
  20  2:57  Barracks Reactor  
  21  3:02  Supply Depot  
  21  3:09  SCV  
  22  3:14  Refinery  
  22  3:25  SCV  
  23  3:42  SCV  
  23  3:44  Bunker  
  24  3:51  Starport  
  24  3:59  SCV  
  25  4:00  Barracks Tech Lab, Hellion  
  25  4:06  Hellion  
  29  4:16  Orbital Command  
  29  4:27  SCV  
  30  4:35  Hellion  
  32  4:40  Hellion  
  32  4:43  SCV  
  35  4:52  SCV  
  35  4:55  Cloaking Field  
  36  5:00  SCV  
  36  5:05  Banshee  
  36  5:09  SCV  
  41  5:22  SCV  
  41  5:24  Marine x2  
  41  5:26  SCV  
  45  5:35  Factory Tech Lab  
  45  5:39  SCV  
  46  5:51  Supply Depot  
  46  5:52  Supply Depot  
  46  6:21  Marine x2, SCV x2, Raven  
  52  6:33  Supply Depot  
  52  6:38  SCV x2  
  54  6:46  Marine x2  
  56  6:50  Barracks  
  56  6:52  Barracks, Command Center  
  56  6:54  Engineering Bay  
  56  6:55  SCV x2, Engineering Bay  
  56  6:59  Siege Tank  
  61  7:12  SCV  
  62  7:30  SCV  
  62  7:39  Barracks, SCV  
  64  7:40  Marine x2  
  64  7:42  Starport Reactor  
  64  7:47  SCV  
  67  7:53  Siege Tank  
  67  7:57  Barracks Tech Lab  
  67  7:59  Barracks Reactor  
  70  8:06  Supply Depot x2  
  70  8:08  Marine, SCV x2, Supply Depot  
  67  8:18  Marine  
  65  8:25  SCV  
  66  8:31  SCV  
  66  8:33  Marine, Orbital Command  
  66  8:38  Refinery x2  
  68  8:43  Marine  
  68  8:45  Supply Depot, Terran Infantry Weapons Level 1  
  68  8:47  Supply Depot  
  69  8:54  Stimpack  
  69  8:57  SCV  
  69  8:58  Marine  
  71  9:03  Medivac  
  71  9:05  Marine x4  
  71  9:08  Marine  
  78  9:17  Orbital Command  
  78  9:19  Supply Depot  
  78  9:23  Marine  
  78  9:27  SCV  
  80  9:30  Marine x4  
  80  9:33  Marine  
  80  9:35  SCV  
  86  9:40  Supply Depot  
  86  9:44  SCV  
  86  9:46  Unknown  
  86  9:49  Marine  
  88  9:55  Marine x2, Marauder, SCV  
  88  9:56  SCV  
  88  9:57  Marine  
  88  9:58  Marine  
  96  10:03  SCV  
  97  10:12  Supply Depot  
  97  10:14  Marine  
  97  10:15  SCV, Supply Depot  
  97  10:18  Siege Tank  
  97  10:19  Medivac  
  104  10:20  Marine x2  
  104  10:22  Marine  
  104  10:23  Marine, SCV x2  
  104  10:25  Marine  
  111  10:32  SCV  
  111  10:33  Supply Depot  
  109  10:45  Marine x3  
  109  10:47  Marine  
  109  10:48  Marine, SCV x2  
  109  10:49  Medivac  
  118  10:50  Marauder  
  118  10:56  Supply Depot  
  118  10:57  Supply Depot  
  120  11:03  Siege Tank  
  120  11:07  Refinery  
  120  11:08  Refinery  
  123  11:12  SCV x2  
  123  11:14  Marine x2  
  123  11:15  Marine x2, Marauder  
  131  11:20  Marine  
  131  11:25  Siege Tank  
  131  11:26  Siege Tank  
  132  11:38  Widow Mine  
  132  11:39  Marine x3  
  134  11:40  Marine  
  134  11:46  SCV  
  134  11:47  SCV  
  140  11:50  Marine x2  
  140  11:51  Medivac x2  
  146  12:00  SCV  
  146  12:03  SCV x2  
  146  12:04  Marine x3  
  146  12:05  Marine  
  153  12:15  Marine x2  
  153  12:17  SCV  
  153  12:18  Siege Tank  
  159  12:20  SCV  
  159  12:21  Barracks  
  159  12:24  Barracks  
  159  12:26  Barracks  
  159  12:29  Marine, SCV  
  162  12:30  Marine x3  
  162  12:33  Medivac x2  
  162  12:34  SCV  
  162  12:37  SCV  
  162  12:39  Marine  
  171  12:40  Marauder  
  171  12:46  SCV  
  175  12:54  Marine  
  175  12:55  Marine  
  175  12:57  SCV  
  175  12:58  SCV  
  179  13:04  Marauder  
  181  13:17  Armory  
  181  13:21  Supply Depot x2  
  181  13:24  Supply Depot  
Tags
 
League
Diamond
Matchup
Co-op
Add a new tag
Caveats
  • Supply blocks, unpowered buildings, or Contaminate may cause inaccurate times.
  • Supply counts are checked every 10 seconds.